 Dungeon Crawl Stone Soup version 0.31-a0-977-gc230f8ef24 (webtiles) character file.

Game seed: 10628656237007056719

5965 timneilson the Ruffian (level 10, -1/103 HPs)
             Began as an Octopode Shapeshifter on Oct 29, 2023.
             Was an Initiate of Gozag.
             Slain by a killer bee (6 damage)
             ... on level 10 of the Dungeon.
             The game lasted 00:22:37 (9317 turns).

timneilson the Ruffian (Octopode Shapeshifter)      Turns: 9317, Time: 00:22:37

Health: -1/103     AC: 25    Str: 24    XL:     10   Next: 84%
Magic:  16/16      EV:  2    Int: 13    God:    Gozag
Gold:   472        SH:  0    Dex: 11    Spells: 14/17 levels left

rFire   . .          .
                       - Unarmed
rCold   . . .        (no shield)
rNeg    . . .        (helmet currently unavailable)
rPois   +            (no amulet)
rElec   .            d - ring of wizardry
rCorr   .            i - ring of poison resistance
SInv    .            h - +6 ring of strength
Will    .....        (no ring)
Stlth   +++          (no ring)
HPRegen 0.37/turn    (no ring)
MPRegen 0.15/turn    (no ring)
                     (no ring)

%: wizardry (x1)
@: lethally poisoned (-1 -> -3), tree-form, hasted, very quick
A: stationary, stasis, torment immunity, boosted hp, almost no armour,
(amphibious), 8 rings, (camouflage 1), (gelatinous body 1), (nimble swimmer 1),
(tentacles)
a: Renounce Religion, Potion Petition, Call Merchant, Bribe Branch


You were on level 10 of the Dungeon.
You worshipped Gozag.
Gozag was aware of your devotion.
You were a tree.
You visited 2 branches of the dungeon, and saw 11 of its levels.

You collected 1855 gold pieces.
You spent 595 gold pieces at shops.
You paid 788 gold pieces to Gozag.

Inventory:

Missiles
 o - a throwing net
Armour
 l - a +0 hat
Jewellery
 d - a ring of wizardry (left branch)
 h - a +6 ring of strength (on tentacle)
 i - a ring of poison resistance (right branch)
Talismans
 b - a beast talisman
 c - a flux talisman
 w - a blade talisman
Wands
 g - a wand of mindburst (8)
 y - a wand of iceblast (2)
Scrolls
 e - a scroll of identify
 j - a scroll of butterflies
 q - 2 scrolls of enchant armour
 t - a scroll of blinking
 u - 2 scrolls of teleportation
Potions
 a - a potion of lignification
 m - 2 potions of haste
 n - a potion of enlightenment
 p - 2 potions of mutation
 r - a potion of attraction
 s - a potion of resistance {unknown}
 z - a potion of berserk rage {unknown}


   Skills:
 * Level 6.6 Fighting
 * Level 7.0 Dodging
 + Level 6.8 Stealth
 * Level 7.4 Unarmed Combat
 + Level 4.1 Spellcasting
 + Level 2.8 Translocations
 + Level 4.7 Evocations
 * Level 6.7 Shapeshifting


You had 14 spell levels left.
You knew the following spells:

 Your Spells              Type           Power      Damage    Failure   Level
a - Blink                 Tloc           20%        N/A       4%          2
b - Apportation           Tloc           20%        N/A       2%          1

Your spell library contained the following spells:

 Spells                   Type           Power      Damage    Failure   Level
 Lesser Beckoning         Tloc           20%        N/A       4%          2
 Momentum Strike          Conj/Tloc      12%        3d8       7%          2
 Necrotise                Necr           8%         1d4       9%          1
 Sting                    Tmut/Pois      8%         1d3       9%          1
 Jinxbite                 Hex            4%         N/A       12%         2
 Poisonous Vapours        Pois/Air       4%         N/A       12%         2
 Vampiric Draining        Necr           2%         2d6       24%         3
 Olgreb's Toxic Radiance  Pois           2%         N/A       58%         4
 Agony                    Necr           2%         N/A       89%         5
 Alistair's Intoxication  Tmut/Pois      1%         N/A       89%         5
 Ozocubu's Refrigeration  Ice            1%         4d7       100%        7
 Polar Vortex             Ice            1%         N/A       100%        9
 Simulacrum               Ice/Necr       Unusable   N/A       N/A         6

Dungeon Overview and Level Annotations

Branches:
Dungeon (10/15)            Temple (1/1) D:4             Orc (0/2) D:10
   Lair: D:8-11

Altars:
Ashenzari
Cheibriados
Dithmenos
Fedhas
Gozag
Hepliaklqana
Makhleb
Nemelex Xobeh
Okawaru
Qazlal
Ru
Sif Muna
Trog
Uskayaw
Vehumet
Wu Jian
Xom
Yredelemnul
Zin
The Shining One

Shops:
D:3 *   D:5 =   D:7 :   D:10 ?

Annotations:
D:4 2 runed translucent doors
D:7 1 runed translucent door, Crazy Yiuf


Innate Abilities, Weirdness & Mutations

You are a tree.
Your roots penetrate the ground, keeping you stationary.
You cannot be teleported.
You are immune to unholy pain and torment.
Your maximum health is greatly increased.
You cannot wear most types of armour.
((You are amphibious.))
You can wear up to eight rings at the same time.
((Your skin changes colour to match your surroundings (Stealth+).))
((Your rubbery body absorbs attacks. (AC +1, EV +1)))
((You are camouflaged when in or above water. (Stealth+)))
((You have tentacles for arms and can constrict up to eight enemies at once.))


Message History

You feel sick. The killer bee misses you. The killer bee closely misses you.
You feel sick.
The killer bee attacks as it pursues you!
The killer bee stings you!
* * * LOW HITPOINT WARNING * * *
The killer bee barely misses you.
You feel sick.
The killer bee attacks as it pursues you!
The killer bee stings you.
* * * LOW HITPOINT WARNING * * *
You feel sick.
The killer bee attacks as it pursues you!
The killer bee barely misses you.
The killer bee attacks as it pursues you!
The killer bee closely misses you.
Your transformation has ended.
You turn into a tree.
Your roots penetrate the ground.
You feel sick. The killer bee completely misses you.
The killer bee stings you but does no damage.
You barely miss the killer bee.
You feel sick.
The killer bee stings you but does no damage.
The killer bee barely misses you.
The killer bee stings you but does no damage. x3
You closely miss the killer bee.
The killer bee stings you but does no damage.
The killer bee stings you.
* * * LOW HITPOINT WARNING * * *
The killer bee completely misses you.
The killer bee stings you but does no damage. x2
Unknown command.
You smack the killer bee!
The killer bee is heavily wounded.
You feel sick.
The killer bee stings you but does no damage.
The killer bee stings you.
* * * LOW HITPOINT WARNING * * *
The killer bee stings you but does no damage.
The killer bee stings you.
You die...
Your body crumbles into a pile of gold.

#..##..+........#####..§....
#..###'#y...................
#.>#........####............
#..#........+..#..........?.
#..#........#..#............
#####........#'##............
#......####.....###########..
#......#..#.....# +..
#......#..)y♣y..# #..
#......####yyy..# #..
######## #.....# #.. #.....#
#.....# #.....# +.....#
#.....# #.....##


You could see 6 killer bees.

Vanquished Creatures
  A two-headed ogre (D:10)
  A troll (D:10)
  Prince Ribbit (D:5)
  A wyvern (D:8)
  10 yaks (D:9)
  A wraith (D:6)
  2 steam dragons (D:9)
  Edmund (D:5)
  2 water moccasins (D:6)
  2 sky beasts (D:6)
  2 ice beasts
  2 orc warriors
  A black bear (D:4)
  A centaur (D:9)
  2 ogres (D:5)
  A phantom (D:5)
  3 kobold brigands
  4 bullfrogs
  A gnoll sergeant (D:8)
  6 wights
  A killer bee (D:10)
  A howler monkey (D:5)
  2 jellies (D:4)
  7 orc priests
  A hound (D:4)
  Jessica (D:2)
  2 sleepcaps (D:6)
  2 iguanas
  4 orc wizards
  8 gnolls (D:7)
  5 adders
  5 white imps
  2 dart slugs
  30 orcs
  11 bats
  10 endoplasms
  3 giant cockroaches
  5 goblins
  8 hobgoblins
  5 jackals
  4 quokkas
  9 ball pythons
  6 frilled lizards
  15 kobolds
  24 rats
216 creatures vanquished.

Vanquished Creatures (others)
  An orc wizard (D:9)
  An orc (D:9)
2 creatures vanquished.

Grand Total: 218 creatures vanquished

Notes
Turn   | Place    | Note
-------+----------+-------------------------------------------
     0 | D:1      | timneilson the Octopode Shapeshifter began the quest for
                  | the Orb.
     0 | D:1      | Reached XP level 1. HP: 13/13 MP: 1/1
   180 | D:1      | Reached XP level 2. HP: 18/18 MP: 2/2
   752 | D:2      | Noticed Jessica
   755 | D:2      | Killed Jessica
   756 | D:2      | Reached skill level 1 in Stealth
   756 | D:2      | Reached XP level 3. HP: 22/24 MP: 3/3
   864 | D:2      | Reached XP level 4. HP: 21/29 MP: 4/4
  1494 | D:3      | Found a glowing silver altar of Zin.
  1494 | D:3      | Found a stormy altar of Qazlal.
  1581 | D:3      | Found an opulent altar of Gozag.
  1586 | D:3      | Found Gozag's Platinum Reserve.
  1591 | D:3      | Became a worshipper of Gozag Ym Sagoz the Greedy
  1673 | D:3      | Found a glowing golden altar of the Shining One.
  1925 | D:3      | Reached XP level 5. HP: 30/34 MP: 6/6
  2189 | D:4      | Reached skill level 1 in Spellcasting
  2193 | D:4      | Found an iron altar of Okawaru.
  2264 | D:4      | Found a hazy altar of Hepliaklqana.
  2315 | D:4      | Noticed a black bear
  2610 | D:4      | Found a staircase to the Ecumenical Temple.
  2630 | Temple   | Entered the Ecumenical Temple
  2680 | D:4      | Reached XP level 6. HP: 29/41 MP: 7/7
  2883 | D:4      | Found a large runed translucent door.
  2886 | D:4      | Found a large runed translucent door.
  3023 | D:4      | Killed a black bear
  3203 | D:5      | Entered Level 5 of the Dungeon
  3203 | D:5      | Noticed an ice beast
  3279 | D:5      | Reached skill level 1 in Evocations
  3279 | D:5      | Reached XP level 7. HP: 25/45 MP: 9/9
  3370 | D:5      | Found Xipteant's Jewellery Emporium.
  3457 | D:5      | Noticed Edmund
  3466 | D:5      | Killed Edmund
  3468 | D:5      | Noticed Prince Ribbit
  3472 | D:5      | Killed Prince Ribbit
  3510 | D:5      | Reached XP level 8. HP: 26/54 MP: 11/11
  3653 | D:5      | Found a sparkling altar of Nemelex Xobeh.
  3707 | D:5      | Identified the +3 mace "Eheonn" {heavy, rF+ rC+ Will+
                  | Dex-2}
  3782 | D:5      | Reached skill level 5 in Unarmed Combat
  4422 | D:6      | Noticed a wraith
  4436 | D:6      | Killed a wraith
  4437 | D:6      | Reached skill level 5 in Shapeshifting
  4600 | D:6      | Reached skill level 5 in Dodging
  4620 | D:6      | Reached XP level 9. HP: 22/59 MP: 13/13
  5037 | D:6      | Reached skill level 5 in Stealth
  5069 | D:6      | Found a snail-covered altar of Cheibriados.
  5294 | D:5      | Bought a +6 ring of strength for 504 gold pieces
  5322 | D:5      | Learned a level 2 spell: Blink
  5341 | D:7      | Found a shimmering altar of Xom.
  5624 | D:7      | Found a shimmering blue altar of Sif Muna.
  5793 | D:7      | Reached skill level 5 in Fighting
  6281 | D:7      | Found Yhyahosu's Book Shop.
  6439 | D:7      | Found a runed translucent door.
  6440 | D:7      | Noticed Crazy Yiuf
  6532 | D:8      | Reached skill level 1 in Translocations
  6633 | D:8      | Learned a level 1 spell: Apportation
  7646 | D:9      | Reached XP level 10. HP: 49/68 MP: 15/15
  8578 | D:9      | Found a broken altar of Ashenzari.
  8698 | D:10     | Entered Level 10 of the Dungeon
  8808 | D:10     | Bought a scroll of identify for 26 gold pieces
  8808 | D:10     | Bought a scroll of identify for 26 gold pieces
  8808 | D:10     | Bought a scroll of teleportation for 39 gold pieces
  8842 | D:10     | Noticed a two-headed ogre
  8846 | D:10     | Killed a two-headed ogre
  8979 | D:10     | Found a radiant altar of Vehumet.
  8991 | D:10     | Found a staircase to the Orcish Mines.
  9317 | D:10     | HP: 5/103 [killer bee (4)]
  9317 | D:10     | Slain by a killer bee

Illustrated notes

Levels and vault maps discovered:
D:1:      amcnicky_arrival_single_pillar, layout_loops_ring, dk_noncrumbling_2,
          minmay_misc_feat_room, minmay_tetromino_l2
D:2:      layout_loops_ring, lightli_corner_chamber, uniq_jessica
D:3:      wander_river, layout_basic, mainiacjoe_overflow_tiny_flanked,
          nicolae_gozag_zags_fifth_avenue, gammafunk_temple_overflow_pools,
          minmay_rat_hole
D:4:      layout_basic, mainiacjoe_overflow_catwalk, jmf_multi_god_temple2,
          mainiacjoe_overflow_24_doors, minmay_temple_entry_mini_moons
D:5:      layout_gridville, nemelex_diamond_rough_becter, serial_shops,
          nicolae_shop_gaudy_bauble, uniq_edmund, uniq_prince_ribbit1
D:6:      layout_loops_ring, lemuel_coloured_pillars_altar
D:7:      layout_loops_ring, mainiacjoe_overflow_alcove_2,
          lemuel_blue_sif_altar, serial_shops, shop, uniq_crazy_yiuf_cottage
D:8:      layout_rooms
D:9:      layout_roguey, mainiacjoe_overflow_alcove_4
D:10:     lemuel_ice_statue, layout_gridville,
          mainiacjoe_overflow_cross_hatched, orc_0_dummy, uniq_fannar
Temple:   hellmonk_temple_micro_hex

Skill      XL: |  1  2  3  4  5  6  7  8  9 10 |
---------------+-------------------------------+-----
Stealth        | 1 2 3 4 5 6 |  6.8
Fighting       | 2 3 4 5 6 |  6.6
Spellcasting   | 1 2 3 4 |  4.1
Dodging        | 3 4 5 6 7 |  7.0
Unarmed Combat | 4 5 6 7 |  7.4
Evocations     | 1 2 3 4 |  4.7
Shapeshifting  | 4 5 6 |  6.7
Translocations | 1 2 |  2.8

Action                     |  1- 3 |  4- 6 |  7- 9 | 10-12 || total
---------------------------+-------+-------+-------+-------++-------
  Melee: Unarmed           |    36 |   147 |   231 |    93 ||   507
         Constrict         |     7 |    33 |    53 |     7 ||   100
         Tentacles         |     7 |    27 |    58 |    17 ||   109
         Punch             |       |     6 |    18 |     4 ||    28
 Invoke: Call Merchant     |       |       |       |     1 ||     1
  Evoke: Wand              |       |       |       |     1 ||     1
    Use: Scroll            |     3 |     7 |     6 |     4 ||    20
         Potion            |       |       |     4 |    12 ||    16
   Stab: Sleeping          |     5 |    13 |     8 |     2 ||    28
         Distracted        |       |     1 |     2 |       ||     3
 Armour: Skin              |    10 |    46 |   103 |    67 ||   226
  Dodge: Dodged            |    22 |    66 |   120 |    58 ||   266

Table legend: (Time is in decaauts)
 A = Elapsed time spent in this place.
 B = Non-inter-level travel time spent in this place.
 C = Inter-level travel time spent in this place.
 D = Time resting spent in this place.
 E = Time spent auto-exploring this place.
 F = Levels seen in this place.
 G = Mean time per level.
                   A        B        C        D        E       F      G
               +--------+--------+--------+--------+--------+-----+--------+
         Total |   9262 |   8890 |    372 |   1391 |   4914 |  11 |  842.0 |
       Dungeon |   9260 |   8888 |    372 |   1391 |   4914 |  10 |  926.0 |
        Temple |      1 |      1 |      0 |      0 |      0 |   1 |    1.0 |
               +--------+--------+--------+--------+--------+-----+--------+

Top non-repeatable levels by time:
     D:7: 1246 daAuts
     D:6: 1118 daAuts
     D:9: 1097 daAuts
     D:4: 1020 daAuts
     D:8: 981 daAuts
     D:5: 977 daAuts
     D:2: 822 daAuts
     D:3: 743 daAuts
     D:1: 640 daAuts
    D:10: 611 daAuts
  Temple: 1 daAuts
